 Dungeon Crawl Stone Soup version 0.19-a0-664-g51fd293 (webtiles) character file.

65 uglyjohn the Conjurer (level 3, -6/19 HPs)
             Began as a Deep Elf Conjurer on June 15, 2016.
             Mangled by Natasha (9 damage)
             ... on level 3 of the Dungeon.
             The game lasted 00:03:32 (1778 turns).

uglyjohn the Conjurer (Deep Elf Conjurer)           Turns: 1778, Time: 00:03:32

Health: -6/19      AC:  2    Str: 10    XL:     3   Next: 94%
Magic:  1/9        EV: 13    Int: 20    God:
Gold:   62         SH:  0    Dex: 15    Spells: 2 memorised, 4 levels left

rFire  . . .     SeeInvis .     (no weapon)
rCold  . . .     Gourm    .     a - +0 robe
rNeg   + . .     Faith    .     (no shield)
rPois  .         Spirit   .     (no helmet)
rElec  .         Dismiss  .     (no cloak)
rCorr  .         Reflect  .     (no gloves)
SustAt .         Harm     .     (no boots)
MR     .....                    (no amulet)
Stlth  ++........               (no ring)
                                h - ring of positive energy

@: mighty, slowed, very slow, not resistant to hostile enchantments, unstealthy
A: no striking features
a: no special abilities


You were on level 3 of the Dungeon.
You were hungry.

You visited 1 branch of the dungeon, and saw 3 of its levels.

You collected 62 gold pieces.

Inventory:

Armour
 a - a +0 robe (worn)
Jewellery
 h - a ring of positive energy (left hand)
Scrolls
 d - a scroll of identify
 e - a scroll of amnesia {unknown}
 f - a scroll of random uselessness {unknown}
Potions
 g - a potion of curing
 j - a potion of degeneration {unknown}
 k - 3 potions of flight {unknown}
Books
 b - a book of Conjurations

   Spells                             Type                      Level
   a - Magic Dart                     Conjuration                  1
   b - Searing Ray                    Conjuration                  2
   c - Dazzling Spray                 Conjuration/Hexes            3
   d - Fulminant Prism                Conjuration/Hexes            4
   e - Iskenderun's Mystic Blast      Conjuration                  4
   f - Iskenderun's Battlesphere      Conjuration/Charms           5
Comestibles
 c - 2 bread rations
 l - a meat ration
 m - a chunk of flesh


   Skills:
 - Level 2.4 Dodging
 - Level 2.4 Stealth
 - Level 3.0 Spellcasting
 + Level 6.1 Conjurations


You had 4 spell levels left.
You knew the following spells:

 Your Spells              Type           Power        Failure   Level  Hunger
a - Magic Dart            Conj           ####         1%          1    None
b - Dazzling Spray        Conj/Hex       ###...       14%         3    ###....


Dungeon Overview and Level Annotations

Branches:
Dungeon (3/15)

Altars:
Qazlal
Xom

Annotations:
D:3 Natasha


Message History

Confirm with . or Enter, or press ? or * to list all spells.
Aiming: Magic Dart
Press: ? - help, Shift-Dir - straight line, f/p - Natasha
Aim: Natasha (severely wounded)
The magic dart hits Natasha.
Natasha is severely wounded.
Natasha claws you but does no damage.
You feel very mighty all of a sudden. Natasha claws you.
Natasha barely misses you.
You hit Natasha.
Natasha is severely wounded.
Natasha claws you!
Ouch! That really hurt!
* * * LOW HITPOINT WARNING * * *
You closely miss Natasha.
Natasha is severely wounded.
Natasha misses you. Natasha claws you.
* * * LOW HITPOINT WARNING * * *
Natasha claws you!
You die...

# ###.#######
#.........###.#
#.....@h......#
###.#####.#...#
# .


You could see Natasha.

Vanquished Creatures
  An adder (D:2)
  2 oozes (D:1)
  A worm (D:2)
  4 dart slugs
  A giant gecko (D:2)
  A giant cockroach (D:2)
  2 goblins
  5 hobgoblins
  2 jackals (D:2)
  5 kobolds
  A quokka (D:2)
  4 bats
  2 giant newts
  6 rats
37 creatures vanquished.

Notes
Turn   | Place    | Note
--------------------------------------------------------------
     0 | D:1      | uglyjohn the Deep Elf Conjurer began the quest for the Orb.
     0 | D:1      | Reached XP level 1. HP: 10/10 MP: 6/6
    98 | D:1      | Reached XP level 2. HP: 15/15 MP: 5/8
   104 | D:1      | Reached skill level 5 in Conjurations
   644 | D:2      | Reached XP level 3. HP: 19/19 MP: 3/9
   790 | D:2      | Learned a level 3 spell: Dazzling Spray
   899 | D:2      | Found a stormy altar of Qazlal.
  1005 | D:2      | Found a shimmering altar of Xom.
  1005 | D:2      | Found a shimmering altar of Xom.
  1015 | D:2      | Found a shimmering altar of Xom.
  1198 | D:2      | Reached skill level 6 in Conjurations
  1765 | D:3      | Noticed Natasha
  1778 | D:3      | Mangled by Natasha

Vault maps used:
D:1:      minmay_arrival_semitransparent, grunt_decor_arrowhead
D:2:      xom_redecorated, serial_co_window_serial, co_window_paths_a,
          co_window_corner_a, co_window_corner_a, co_window_of_opportunity_a,
          co_window_of_opportunity_a, co_window_of_opportunity_a,
          co_window_paths_a, co_window_corner_b, co_window_of_opportunity_c,
          co_window_cross_4, co_window_4corner_a, co_window_sun,
          glass_columns_a, glass_columns_c, glass_columns_a, glass_columns_a,
          glass_columns_c, nicolae_qazlal_general_emergency
D:3:      nicolae_overflow_hidden_temple, grunt_pakellas_basics, st_stairs_12,
          kennysheep_generic_room_6, uniq_natasha

Skill      XL: |  1  2  3 |
---------------+----------+-----
Conjurations   | 5 6 |  6.1
Dodging        | |  2.4
Stealth        | |  2.4
Spellcasting   | |  3.0

Action                   || total
-------------------------++-------
Melee: Unarmed           ||     5
 Cast: Magic Dart        ||    80
       Dazzling Spray    ||     2
  Use: Scroll            ||     2
       Potion            ||     1
  Eat: Chunk             ||     2
Armor: Robe              ||     2
Dodge: Dodged            ||    15
